 Dungeon Crawl Stone Soup version 0.18-a0-1078-gebb93d0 (webtiles) character file.

749 xgamer67 the Digger (level 7, -1/41 HPs)
             Began as an Octopode Earth Elementalist on Jan 14, 2016.
             Was a Follower of Yredelemnul.
             Shot with an arrow of dispersal by a centaur (15 damage)
             ... on level 6 of the Dungeon.
             The game lasted 00:19:41 (4128 turns).

xgamer67 the Digger (Octopode Earth Elementalist)   Turns: 4128, Time: 00:19:41

Health: -1/41      AC:  3    Str:  8    XL:     7   Next: 78%
Magic:  12/12      EV: 12    Int: 19    God:    Yredelemnul [*.....]
Gold:   203        SH:  0    Dex: 12    Spells: 4 memorised, 3 levels left

rFire  . . .     SeeInvis .     b - +1 dagger
rCold  . . .     Gourm    .     (no shield)
rNeg   . . .     Faith    .     k - +2 hat
rPois  .         Spirit   .     u - amulet of dismissal
rElec  .         Dismiss  +     d - +2 ring of slaying
rCorr  .         Reflect  .     A - ring of wizardry
SustAt .         Harm     .     (no ring)
MR     .....                    (no ring)
Stlth  +++.......               (no ring)
                                (no ring)
                                (no ring)
                                (no ring)

@: not resistant to hostile enchantments, fairly stealthy
A: almost no armour, amphibious, 8 rings, constrict 8, camouflage 1, gelatinous
body 1
a: Animate Remains, Renounce Religion


You were on level 6 of the Dungeon.
You worshipped Yredelemnul.
Yredelemnul was aware of your devotion.
You were full.

You visited 1 branch of the dungeon, and saw 6 of its levels.

You collected 203 gold pieces.

Inventory:

Hand Weapons
 b - a +1 dagger (weapon)
Missiles
 a - 46 stones
 f - 8 tomahawks (quivered)
 m - 22 poisoned needles
 D - 8 needles of confusion
 F - 8 needles of sleeping
Armour
 k - a +2 hat (worn)
Jewellery
 d - a +2 ring of slaying (left tentacle)
 u - an amulet of dismissal (around mantle)
 x - an uncursed ring of ice
 A - a ring of wizardry (right tentacle)
Scrolls
 e - a scroll of teleportation
 h - a scroll of identify {unknown}
 j - a scroll of enchant weapon
 n - a scroll of magic mapping {unknown}
 s - a scroll of remove curse {unknown}
 y - a scroll of recharging
 B - a scroll of amnesia {unknown}
Potions
 i - 4 potions of magic
 o - a potion of curing {unknown}
 q - a potion of beneficial mutation {unknown}
 r - 2 potions of might {unknown}
 t - a potion of resistance {unknown}
 v - 2 potions of flight {unknown}
 w - a potion of haste {unknown}
 E - 2 potions of lignification {unknown}
Books
 l - a book of Geomancy

   Spells                             Type                      Level
   a - Sandblast                      Earth                        1
   b - Stoneskin                      Transmutation/Earth          2
   c - Passwall                       Transmutation/Earth          3
   d - Stone Arrow                    Conjuration/Earth            3
   e - Petrify                        Transmutation/Earth          4
   f - Lee's Rapid Deconstruction     Earth                        5
Comestibles
 c - 4 bread rations
 g - a slice of pizza
 p - a beef jerky
 z - 3 fruits
 C - a meat ration


   Skills:
 - Level 2.0 Dodging
 - Level 3.0 Stealth
 - Level 3.3 Spellcasting
 + Level 2.8 Conjurations
 - Level 2.2 Transmutations
 * Level 7.3 Earth Magic


You had 3 spell levels left.
You knew the following spells:

 Your Spells              Type           Power        Failure   Level  Hunger
a - Sandblast             Erth           ####..       1%          1    None
b - Stone Arrow           Conj/Erth      ###...       3%          3    ###....
e - Stoneskin             Trmt/Erth      ###.....     1%          2    ##.....
f - Passwall              Trmt/Erth      ###.......   3%          3    ###....


Dungeon Overview and Level Annotations

Branches:
Dungeon (6/15)
 Temple: D:4-7

Altars:
Cheibriados
Dithmenos
Pakellas
Trog
Vehumet
Yredelemnul

Annotations:
D:4 gorblad's ghost, novice OgBe
D:5 Menkaure


Innate Abilities, Weirdness & Mutations

You cannot wear most types of armour.
You are amphibious.
You can wear up to eight rings at the same time.
You can use your tentacles to constrict eight enemies at once.
Your skin changes colour to match your surroundings (Stealth).
Your rubbery body absorbs attacks (AC +1).


Message History

The arrow of dispersal completely misses you.
The centaur shoots an arrow of dispersal.
The arrow of dispersal misses you.
The centaur shoots an arrow of dispersal.
The arrow of dispersal hits you.
You blink.
The centaur shoots an arrow of dispersal.
The arrow of dispersal hits you!
You blink.
The centaur shoots an arrow of dispersal.
The arrow of dispersal closely misses you.
The centaur shoots an arrow of dispersal.
The arrow of dispersal barely misses you.
Casting: Sandblast
Confirm with . or Enter, or press ? or * to list all spells.
You can't see any susceptible monsters within range! (Use Z to cast anyway.) Drink which item? (? for menu, Esc to quit)
It was a potion of magic.
Magic courses through your body.
The centaur shoots an arrow of dispersal.
The arrow of dispersal hits you!
You die...
Your body rises from the dead as a mindless zombie.

..# ###.#####
###########........
#..................
#............c..c..
#...........#'#####
#...........#c#####
#########.........#
#....Z..@.#
#.........+
#........<#
#.........#
#.........#
#.........#
#.........#
#.........#
#..<......#


You could see a centaur and a friendly giant frog zombie.

Vanquished Creatures
  The ghost of Erad1cat0r the Sneak, an amateur OpAr of Pakellas (D:5)
  An ice beast (D:3)
  A centaur (D:5)
  A giant frog (D:6)
  A jelly (D:6)
  An orc wizard (D:4)
  A gnoll shaman (D:4)
  Natasha (thrice) (D:2)
  3 gnolls (D:4)
  9 adders
  An ooze (D:2)
  4 worms
  4 giant geckos
  10 orcs
  3 ball pythons
  5 giant cockroaches
  18 hobgoblins
  6 jackals
  10 kobolds
  4 quokkas
  11 bats
  3 giant newts
  5 goblins
  6 rats
112 creatures vanquished.

Vanquished Creatures (others)
  7 fungi (D:5)
7 creatures vanquished.

Grand Total: 119 creatures vanquished

Notes
Turn   | Place    | Note
--------------------------------------------------------------
     0 | D:1      | xgamer67 the Octopode Earth Elementalist began the quest for the Orb.
     0 | D:1      | Reached XP level 1. HP: 11/11 MP: 3/3
   196 | D:1      | Reached XP level 2. HP: 7/17 MP: 0/5
   200 | D:1      | Learned a level 2 spell: Stoneskin
   652 | D:1      | Reached skill level 4 in Earth Magic
   711 | D:1      | Reached XP level 3. HP: 8/21 MP: 2/6
   716 | D:1      | Learned a level 3 spell: Passwall
  1685 | D:2      | Reached XP level 4. HP: 27/27 MP: 3/7
  1779 | D:2      | Reached skill level 5 in Earth Magic
  1826 | D:2      | Noticed Natasha
  1832 | D:2      | Killed Natasha
  1865 | D:2      | Found a snail-covered altar of Cheibriados.
  1865 | D:2      | Noticed Natasha
  1882 | D:2      | Killed Natasha
  1882 | D:2      | Reached XP level 5. HP: 31/31 MP: 4/8
  1886 | D:2      | Found a bloodstained altar of Trog.
  1899 | D:2      | Noticed Natasha
  1901 | D:2      | Killed Natasha
  1910 | D:2      | Learned a level 3 spell: Stone Arrow
  2234 | D:3      | Noticed an ice beast
  2270 | D:3      | Killed an ice beast
  2270 | D:3      | Reached XP level 6. HP: 27/36 MP: 1/11
  2505 | D:3      | Reached skill level 6 in Earth Magic
  2541 | D:3      | Found a basalt altar of Yredelemnul.
  2550 | D:3      | Became a worshipper of Yredelemnul the Dark
  2653 | D:3      | Found a radiant altar of Vehumet.
  3079 | D:4      | Reached skill level 1 in Conjurations
  3123 | D:4      | Reached * piety under Yredelemnul
  3140 | D:4      | Found a shadowy altar of Dithmenos.
  3310 | D:4      | Found an oddly glowing altar of Pakellas.
  3358 | D:4      | Noticed gorblad's ghost (novice OgBe)
  3568 | D:4      | Reached XP level 7. HP: 41/41 MP: 9/12
  3696 | D:5      | Entered Level 5 of the Dungeon
  3846 | D:5      | Noticed Erad1cat0r's ghost (amateur OpAr)
  3847 | D:5      | Noticed Menkaure
  3949 | D:5      | Killed Erad1cat0r's ghost
  3949 | D:5      | Reached skill level 7 in Earth Magic
  4128 | D:6      | Shot with an arrow of dispersal by a centaur

Vault maps used:
D:1:      lemuel_arrival_muddy, minmay_misc_feat_room, kennysheep_nondescript,
          corner_web_ring
D:2:      minitemple, uniq_natasha
D:3:      overflow_temple_1_default, first_bread, yredelemnul_altar_generic
D:4:      corexii_shack_village, nicolae_dithmenos_shadow_blocks,
          lemuel_coloured_pillars_altar
D:5:      kennysheep_mini, minmay_temple_entry_from_below_a, serial_shops,
          shop_fountains, serial_aquarium, aquarium_bridge_island_small,
          aquarium_bridge_straight, aquarium_window_fake, aquarium_window_fake,
          aquarium_window_3, aquarium_view_2e, aquarium_balcony_double_1,
          kennysheep_potato, uniq_menkaure
D:6:      uniq_grinder

Action                   |  1- 3 |  4- 6 |  7- 9 || total
-------------------------+-------+-------+-------++-------
Melee: Short sword       |    17 |       |       ||    17
       Dagger            |    14 |    89 |       ||   103
 Cast: Sandblast         |    46 |    68 |    18 ||   132
       Stone Arrow       |       |     1 |       ||     1
Invok: Animate Remains   |       |       |     1 ||     1
  Use: Scroll            |     1 |     2 |     1 ||     4
       Potion            |       |       |     1 ||     1
 Stab: Sleeping          |     4 |     6 |       ||    10
       Distracted        |       |     1 |       ||     1
  Eat: Chunk             |     3 |     6 |     1 ||    10
       Meat ration       |       |       |     1 ||     1
